AoeStats
← Pillage The Village

Arabia

507520968Analyzed
2v2 RM · 13d ago on Sep 18, 2026· 19m 28s· 4 players
Game mode
Random Map
Map size
Medium (4 player)
Population
200
Speed
Normal
Resources
Standard
Victory
Conquest
Starting age
Dark Age
Ending age
Imperial Age
RankedLock teamsTeams togetherTeam positionsShared explorationLock speedFull tech treeHidden civsTurbo modeCheats
Victory
Defeat
🇧🇪 Mongols · Belgium
1237
+15
🇧🇪 Persians · Belgium
1199
+16
🇩🇪 Vietnamese · Germany
1226
-16
🇺🇸 Turks · United States
1190
-15
Dirk
5:03 Loom
9:30 Feudal Age
15:41 Fletching
17:47 Padded Archer Armor
18:40 Double-Bit Axe
petey_hs
3:12 Loom
10:45 Feudal Age
Myll_Barka
4:03 Loom
9:45 Feudal Age
10:18 Double-Bit Axe
18:12 Fletching
21:53 Castle Age
Pillage The Village
6:15 Loom
9:15 Feudal Age
14:13 Double-Bit Axe
20:10 Castle Age
18:29 Gold Mining
Connection lost

Rejoining the realm…

Still unreachable

The connection could not be restored.

Session expired

The server has moved on; the page needs a fresh start.